 Dungeon Crawl Stone Soup version 0.26-a0-572-g753d7e3450 (webtiles) character file.

Game seed: 17474687219392061982

33 ANON1729 the Vexing (level 3, 0/35 HPs)
             Began as an Ogre Arcane Marksman on Aug 21, 2020.
             Slain by an adder (2 damage)
             ... on level 1 of the Dungeon.
             The game lasted 00:01:50 (858 turns).

ANON1729 the Vexing (Ogre Arcane Marksman)           Turns: 858, Time: 00:01:51

Health: 0/35       AC:  3    Str: 13 (15) XL:     3   Next: 29%
Magic:  0/5        EV: 10    Int: 13 (14) God:
Gold:   12         SH:  0    Dex:  7 (9)  Spells: 4/5 levels left

rFire    . . .     SeeInvis .   g - +4 short sword
rCold    . . .     Faith    .   (no shield)
rNeg     . . .     Spirit   +   a - +0 robe
rPois    .         Reflect  .   (helmet restricted)
rElec    .         Harm     .   (no cloak)
rCorr    .                      (gloves unavailable)
MR       .....                  (boots unavailable)
Stlth    +.........             e - amulet of guardian spirit
HPRegen  0.11/turn              (no ring)
MPRegen  0.09/turn              (no ring)

@: lethally poisoned (0 -> -7)
A: large, unfitting armour, tough skin 1
a: no special abilities


You were on level 1 of the Dungeon.
You visited 1 branch of the dungeon, and saw 2 of its levels.

You collected 12 gold pieces.

Inventory:

Hand Weapons
 g - a +4 short sword (weapon)
Missiles
 c - a large rock (quivered)
 d - 2 throwing nets
Armour
 a - a +0 robe (worn)
Jewellery
 e - an amulet of guardian spirit (around neck)
Scrolls
 f - a scroll of enchant armour {unknown}


   Skills:
 + Level 2.1 Fighting
 + Level 2.3 Throwing
 + Level 2.1 Dodging
 + Level 1.9 Spellcasting
 + Level 3.0 Hexes


You had 4 spell levels left.
You knew the following spells:

 Your Spells              Type           Power        Failure   Level
a - Corona                Hex            #......      8%          1

Your spell library contained the following spells:

 Spells                   Type           Power        Failure   Level
 Slow                     Hex            #.......     12%         2
 Inner Flame              Hex/Fire       #.......     38%         3
 Portal Projectile        Hex/Tloc       #.....       38%         3
 Cause Fear               Hex            #.........   58%         4
 Leda's Liquefaction      Hex/Erth       #.........   80%         4


Dungeon Overview and Level Annotations

Branches:
Dungeon (2/15)

Altars:


Innate Abilities, Weirdness & Mutations

You are too large for most types of armour.
You have tough skin. (AC +1)


Message History

Throwing (i - inventory. (/) - cycle)
c - 3 large rocks (quivered)
Press: ? - help, Shift-Dir - straight line, f/p - adder
Aim: an adder You throw a large rock.
The large rock misses the adder.
The large rock hits the adder!
You kill the adder!
Your Hexes skill increases to level 3!
You feel sick. The adder bites you.
* * * LOW HITPOINT WARNING * * *
You are lethally poisoned!
The adder poisons you! The adder completely misses you.
Throwing (i - inventory. (/) - cycle)
c - 2 large rocks (quivered)
Press: ? - help, Shift-Dir - straight line, f/p - adder
Aim: an adder You throw a large rock.
The large rock barely misses the adder.
* * * LOW HITPOINT WARNING * * *
You feel sick. The adder closely misses you. The adder bites you.
* * * LOW HITPOINT WARNING * * *
The adder bites you.
You die...

##....##.######## ##..##...##..#
.....###.# #...#.###.#..#
.##....#.# #...#.#⌠'.#..#
###..#...### #...#.###.#..#
...........## #...##...##..#
............# #...###'###..#
.^.......##.# #............#
.........##.#######............#
.............##.@S(....(########
................##>....##
#............>.....#.###
#...........##.......#
.(....[............###
#..............#...#
....###..####..#..## ..### ##.#
#....## #.# #.####..#..#


You could see an adder.

Vanquished Creatures
  An adder (D:1)
  A dart slug (D:1)
  A bat (D:1)
  2 giant cockroaches (D:1)
  2 goblins (D:1)
  7 hobgoblins
  3 kobolds (D:1)
  A frilled lizard (D:1)
  A rat (D:1)
19 creatures vanquished.

Vanquished Creatures (others)
  3 plants (D:2)
3 creatures vanquished.

Grand Total: 22 creatures vanquished

Notes
Turn   | Place    | Note
-------+----------+-------------------------------------------
     0 | D:1      | ANON1729 the Ogre Arcane Marksman began the quest for the
                  | Orb.
     0 | D:1      | Reached XP level 1. HP: 19/19 MP: 2/2
    90 | D:1      | Reached XP level 2. HP: 19/28 MP: 4/4
   837 | D:2      | Reached XP level 3. HP: 33/35 MP: 5/5
   854 | D:1      | HP: 1/35 [poisoned by an adder]
   857 | D:1      | Reached skill level 3 in Hexes
   858 | D:1      | Slain by an adder

Illustrated notes

Levels and vault maps discovered:
D:1:      minmay_arrival_stone_box, layout_rooms
D:2:      layout_rooms, okawaru_trees_1, makhleb_grotto_becter,
          lemuel_crystal_altar, chequers_ecumenical_altar_lobes, uniq_terence,
          uniq_jessica

Skill      XL: |  1  2  3 |
---------------+----------+-----
Dodging        | 2 |  2.1
Fighting       | 2 |  2.1
Hexes          | 3 |  3.0
Throwing       | |  2.3
Spellcasting   | |  1.9

Action                   || total
-------------------------++-------
Melee: Hand axe          ||    44
       Unarmed           ||     4
       Short sword       ||    11
Throw: Large rock        ||     3
  Use: Potion            ||     2
 Stab: Sleeping          ||     1
Armor: Robe              ||    18
Dodge: Dodged            ||    37

Table legend: (Time is in decaauts)
 A = Elapsed time spent in this place.
 B = Non-inter-level travel time spent in this place.
 C = Inter-level travel time spent in this place.
 D = Time resting spent in this place.
 E = Time spent auto-exploring this place.
 F = Levels seen in this place.
 G = Mean time per level.
                   A        B        C        D        E       F      G
               +--------+--------+--------+--------+--------+-----+--------+
         Total |    873 |    861 |     12 |    441 |    250 |   2 |  436.5 |
       Dungeon |    873 |    861 |     12 |    441 |    250 |   2 |  436.5 |
               +--------+--------+--------+--------+--------+-----+--------+

Top non-repeatable levels by time:
     D:1: 853 daAuts
     D:2: 19 daAuts
